 Dungeon Sprint DCSS version 0.26-a0-1222-g14533b3512 (webtiles) character file.

Game seed: 3948418373513016648

51471 reriks the Intangible (level 14, -10/136 HPs)
             Began as a Merfolk Berserker on Dec 31, 2020.
             Was the Champion of Trog.
             Mangled by an Executioner (11 damage)
             ... summoned by Gloorx Vloq
             ... in the Dungeon (Sprint II: "The Violet Keep of Menkaure").
             The game lasted 00:25:45 (8007 turns).

reriks the Intangible (Merfolk Berserker)           Turns: 8007, Time: 00:25:45

Health: -10/136    AC: 30    Str: 30    XL:     14   Next: 59%
Magic:  0/14       EV: 25    Int: 11    God:    Trog [******]
Gold:   3925       SH:  0    Dex: 12    Spells: 13/13 levels left

rFire    + + +     SeeInvis .   A - +7 glaive of Tortfeasance {flame, Str-3 Int+2 Dex+4 Stlth+}
rCold    + . .     Faith    .   (shield currently unavailable)
rNeg     . . .     Spirit   +   I - +2 plate armour {rPois}
rPois    +         Reflect  .   B - +2 hat {Will+}
rElec    +         Harm     .   j - scarf {rC+ rF+}
rCorr    .         Rampage  .   x - +1 pair of gloves
Will     +++++     NoTele   +   P - +0 pair of boots
Stlth    ..........             H - amulet of Laiser {Spirit +Fly rElec Str+8 Dex-5}
HPRegen  1.32/turn              J - ring "Afoh" {rF+ AC+4 Int+3 Stlth-}
MPRegen  0.14/turn              q - ring "Taarchy" {rF+ Will+ EV+4 Str+2}

@: confused, lethally poisoned (-10 -> -13), berserk cooldown, regenerating
(expiring), slowed, very slow
A: change form in water, swift swim, stealthy swim
a: Renounce Religion, Evoke Flight, Berserk, Trog's Hand, Brothers in Arms


You were in the Dungeon.
You worshipped Trog.
Trog was exalted by your worship.
You visited 1 branch You collected 5589 gold pieces.
You spent 1664 gold pieces at shops.

Inventory:

Hand Weapons
 a - a +1 spear
 b - a +4 halberd of flaming
 m - a +5 antimagic quick blade
 A - the +7 glaive of Tortfeasance (weapon) {flame, Str-3 Int+2 Dex+4 Stlth+}
   (Trog gifted it to you in the Dungeon)

   It has been specially enchanted to burn those struck by it, causing extra
   injury to most foes and up to half again as much damage against particularly
   susceptible opponents.
   Big, fiery blades are also staple armaments of hydra-hunters.
   It affects your strength (-3).
   It affects your intelligence (+2).
   It affects your dexterity (+4).
   It makes you more stealthy.
Missiles
 y - 7 silver javelins
Armour
 j - a scarf of resistance (worn)
 x - a +1 pair of gloves (worn)
 B - a +2 hat of willpower (worn)
 C - the +7 fire dragon scales of the Eternal Fruit {Harm *Corrode rPois rF++ rC- Regen+ Int-4}
   (You found it in the Dungeon)

   It affects your intelligence (-4).
   It greatly protects you from fire.
   It makes you vulnerable to cold.
   It protects you from poison.
   It increases your rate of regeneration.
   It may corrode you when you take damage.
   It increases damage dealt and taken.
 I - a +2 plate armour of poison resistance (worn)
 N - a +0 cloak
 P - a +0 pair of boots (worn)
Jewellery
 k - an uncursed ring of poison resistance
 q - the ring "Taarchy" (right hand) {rF+ Will+ EV+4 Str+2}
   (You acquired it in the Dungeon)

   [ring of evasion]

   It affects your evasion (+4).
   It affects your strength (+2).
   It protects you from fire.
   It affects your willpower, your defense against some magical effects.
 z - a cursed ring of resist corrosion {unknown}
 D - the ring "Fyrchule" {+Inv rC- Will++ Int+6 Dex+3}
   (You found it in the Dungeon)

   [ring of intelligence]

   It affects your intelligence (+6).
   It affects your dexterity (+3).
   It makes you vulnerable to cold.
   It affects your willpower, your defense against some magical effects.
   It lets you turn invisible.
 E - the amulet "Biogaovo" {Spirit rF+ rN+ Int+3}
   (You acquired it in the Dungeon)

   [amulet of guardian spirit]

   It causes incoming damage to be split between your health and magic.
   It affects your intelligence (+3).
   It protects you from fire.
   It protects you from negative energy.
 F - an uncursed amulet of reflection
 G - the ring "Bevi" {Fire rElec rN+ Int+2}
   (You found it in the Dungeon)

   [ring of fire]

   It enhances your fire magic.
   It affects your intelligence (+2).
   It protects you from fire.
   It makes you vulnerable to cold.
   It insulates you from electricity.
   It protects you from negative energy.
 H - the amulet of Laiser (around neck) {Spirit +Fly rElec Str+8 Dex-5}
   (You acquired it in the Dungeon)

   [amulet of guardian spirit]

   It causes incoming damage to be split between your health and magic.
   It affects your strength (+8).
   It affects your dexterity (-5).
   It insulates you from electricity.
   It lets you fly.
 J - the ring "Afoh" (left hand) {rF+ AC+4 Int+3 Stlth-}
   (You bought it in a shop in the Dungeon)

   [ring of protection]

   It affects your AC (+4).
   It affects your intelligence (+3).
   It protects you from fire.
   It makes you less stealthy.
 K - an uncursed amulet of magic regeneration {unknown}
 Q - a +6 ring of strength {unknown}
Wands
 i - a wand of flame (21)
Scrolls
 h - 2 scrolls of blinking
 l - 4 scrolls of identify
 o - a scroll of magic mapping
 r - a scroll of remove curse
 w - a scroll of enchant weapon
 O - 2 scrolls of enchant armour
Potions
 c - 4 potions of curing
 d - 5 potions of heal wounds
 e - a potion of haste
 f - 23 potions of magic
 g - a potion of berserk rage
 n - 4 potions of resistance
 p - 2 potions of brilliance
 s - 2 potions of cancellation
 t - 13 potions of flight
 u - a potion of ambrosia
 v - a potion of lignification
 L - 2 potions of attraction
 M - 7 potions of mutation


   Skills:
 + Level 20.8 Fighting
 - Level 20.0 Polearms
 + Level 16.8 Armour
 O Level 27 Dodging
 - Level 4.2 Shields


You had 13 spell levels left.
You didn't know any spells.
Your spell library was empty.

Dungeon Overview and Level Annotations

Branches:
Dungeon (1/1)

Altars:
Cheibriados
Dithmenos
Elyvilon
Fedhas
Gozag
Hepliaklqana
Kikubaaqudgha
Makhleb
Nemelex Xobeh
Okawaru
Qazlal
Ru
Sif Muna
Trog
Uskayaw
Vehumet
Wu Jian
Xom
Yredelemnul
Zin
The Shining One
Beogh
Jiyva
Lugonu

Shops:
D =(!(:?=[=*?[=}}::[([:[?!=}((=::*(

Annotations:
D Gloorx Vloq, Lernaean hydra


Message History

The spectral bat closely misses you. The spectral bat completely misses you.
The Executioner gestures.
The Executioner seems to speed up.
The spectral bat completely misses you.
The phantasmal warrior blinks!
The Executioner completely misses you.
The Executioner hits you but does no damage.
The Executioner completely misses you.
The curse toe gestures.
The wandering mushroom completely misses you.
The deathcap draws from the surrounding life force!
* * * LOW HITPOINT WARNING * * *
You are too berserk!
You hit the wandering mushroom. You burn the wandering mushroom.
The wandering mushroom is lightly damaged.
You are no longer berserk.
You are exhausted.
You feel as though you will be slow longer.
* * * LOW HITPOINT WARNING * * *
You feel sick. The spectral bat completely misses you.
The Executioner hits you!
You die... ###### #### #).)[# ▓▓▓▓▓▓▓ '≈.###=..}##▓.....+ ####........▓.M1MG▓ ####.(......▓ z1SS▓ ▓▓▓ ≈§≈##⌠....#'▓▓ &Mn

..▓ §.≈§##....#.W▓▓▓1▓▓▓▓.▓
≈≈§≈.##++##..°○f@Z▓0..▓
§§≈≈##§§..###.#fff▓▓▓▓▓▓▓▓▓▓
≈≈≈##)≈§...(#.#○ff▓§≈≈≈≈§≈≈▓▓
§§'#####(...#.##::▓▓▓▓▓▓▓▓▓▓▓
.§§.#[.'...^#..#}.▓.....)..▓▓
##..#(.####.#..#:[▓........▓▓
##..####..÷^##.#}[▓.[......▓▓
#.#....#..#^..####▓..))(..(▓▓
)####..#####..##.#▓.((...[.▓▓


You could see Gloorx Vloq, a royal mummy, a curse toe, 3 Executioners, 2
deathcaps, a phantasmal warrior (summoned), 2 mana vipers, 4 wandering
mushrooms, a spectral bat (summoned), a necrophage (summoned), 2 mummies and a
golden eye.

Vanquished Creatures
  2 golden dragons (D)
  A bone dragon (D)
  An electric golem (D)
  A deep elf master archer (D)
  Gastronok (D)
  Kirke (D)
  2 storm dragons (D)
  Roxanne (D)
  A frost giant (D)
  A draconian knight (D)
  A cacodemon (D)
  A vampire knight (D)
  A dire elephant (D)
  A crystal guardian (D)
  A fire dragon (D)
  A yaktaur captain (D)
  A deep elf high priest (D)
  A great orb of eyes (D)
  An ice dragon (D)
  2 boulder beetles (D)
  A centaur warrior (D)
  A death yak (D)
  An iron elemental (D)
  2 hell hogs (D)
  An iron golem (D)
  A skeletal warrior (D)
  A slime creature (D)
  2 death drakes (D)
  3 sixfirhies (D)
  2 deep trolls (D)
  2 unseen horrors (D)
  An obsidian statue (D)
  3 orc sorcerers (D)
  An oklob plant (D)
  3 shining eyes (D)
  3 manticores (D)
  3 toenail golems (D)
  An elephant (D)
  An ice statue (D)
  2 cane toads (D)
  A kobold demonologist (D)
  A yaktaur (D)
  A hornet (D)
  3 polar bears (D)
  A blink frog (D)
  2 redbacks (D)
  5 wyverns (D)
  3 yaks (D)
  Menkaure (D)
  3 soldier ants (D)
  3 water moccasins (D)
  3 black bears (D)
  2 swamp drakes (D)
  5 necrophages (D)
  2 earth elementals (D)
  9 electric eels (D)
  2 lava snakes (D)
  An iron imp (D)
  A jelly (D)
  3 worms (D)
  2 spectral bats (D)
112 creatures vanquished.

Vanquished Creatures (others)
  A water moccasin (D)
  12 tentacles (D)
13 creatures vanquished.

Grand Total: 125 creatures vanquished

Notes
Turn   | Place    | Note
-------+----------+-------------------------------------------
     0 | D        | reriks the Merfolk Berserker began the quest for the Orb.
     0 | D        | Reached XP level 1. HP: 18/18 MP: 1/1
     7 | D        | Reached skill level 5 in Polearms
     7 | D        | Reached skill level 3 in Dodging
     9 | D        | Reached XP level 2. HP: 25/25 MP: 2/2
    16 | D        | Reached ** piety under Trog
    17 | D        | Reached skill level 4 in Dodging
    26 | D        | Killed a water moccasin
    82 | D        | Noticed a necrophage
    82 | D        | Noticed a necrophage
    82 | D        | Noticed a necrophage
    82 | D        | Noticed a necrophage
    89 | D        | Killed a necrophage
    90 | D        | Reached skill level 5 in Fighting
    90 | D        | Reached skill level 7 in Dodging
    90 | D        | Reached XP level 3. HP: 33/33 MP: 3/3
    90 | D        | Reached XP level 4. HP: 39/39 MP: 4/4
    95 | D        | Killed a necrophage
    96 | D        | Reached skill level 10 in Polearms
    96 | D        | Reached skill level 8 in Dodging
    96 | D        | Reached XP level 5. HP: 46/46 MP: 5/5
    99 | D        | Killed a necrophage
    99 | D        | Reached *** piety under Trog
   100 | D        | Reached skill level 9 in Dodging
   100 | D        | Reached XP level 6. HP: 53/53 MP: 6/6
   105 | D        | Killed a necrophage
   106 | D        | Reached skill level 10 in Dodging
   186 | D        | Noticed a boulder beetle
   186 | D        | Noticed a boulder beetle
   189 | D        | Noticed a wyvern
   189 | D        | Noticed a wyvern
   196 | D        | Killed a wyvern
   197 | D        | Reached skill level 11 in Dodging
   197 | D        | Reached XP level 7. HP: 60/60 MP: 7/7
   205 | D        | Killed a wyvern
   206 | D        | Reached skill level 5 in Armour
   206 | D        | Reached skill level 12 in Dodging
   289 | D        | Found Fuext's Distillery.
   289 | D        | Found Ygiuxuw's Gadget Shop.
   290 | D        | Found Isyjerach's Antique Armour Boutique.
   290 | D        | Found Jeix's Magic Scroll Boutique.
   291 | D        | Noticed a blink frog
   299 | D        | Killed a blink frog
   299 | D        | Reached **** piety under Trog
   341 | D        | Found Riblut's Book Boutique.
   341 | D        | Found Guosumm's Book Shop.
   343 | D        | Found Sosmesk's Jewellery Shop.
   343 | D        | Found Buagageu's Antique Armour Boutique.
   343 | D        | Found Biteufy's Weapon Boutique.
   343 | D        | Noticed a shining eye
   344 | D        | Found Tahaujor's Jewellery Boutique.
   347 | D        | Found Odwozu's Jewellery Boutique.
   347 | D        | Found Evey's Armour Shop.
   347 | D        | Noticed Menkaure
   347 | D        | Noticed a shining eye
   347 | D        | Noticed a shining eye
   347 | D        | Noticed an oklob plant
   716 | D        | Found Ahih's Antique Weapon Shop.
   716 | D        | Found Couf's Distillery.
   716 | D        | Found Osov's Book Shoppe.
   724 | D        | Noticed a yak
   726 | D        | Bought a distressingly furry leather armour for 168 gold
                  | pieces
   736 | D        | Identified the +2 leather armour of Space {rElec Will- MP-9
                  | Slay+5} (You bought it in a shop in the Dungeon)
   743 | D        | Bought an uncursed ring of poison resistance for 220 gold
                  | pieces
   743 | D        | Noticed a yak
   747 | D        | Bought a scroll of identify for 20 gold pieces
   747 | D        | Bought a scroll of identify for 20 gold pieces
   747 | D        | Bought a scroll of identify for 20 gold pieces
   747 | D        | Bought 2 scrolls of identify for 40 gold pieces
  1045 | D        | Reached XP level 8. HP: 69/69 MP: 0/8
  1055 | D        | Reached skill level 13 in Dodging
  1109 | D        | Reached ***** piety under Trog
  1232 | D        | Noticed Roxanne
  1237 | D        | Found an iron altar of Okawaru.
  1237 | D        | Found an opulent altar of Gozag.
  1238 | D        | Found a sparkling altar of Nemelex Xobeh.
  1238 | D        | Found a blossoming altar of Fedhas.
  1239 | D        | Found a radiant altar of Vehumet.
  1239 | D        | Found a burning altar of Makhleb.
  1239 | D        | Found a white marble altar of Elyvilon.
  1240 | D        | Found a hide-covered altar of Uskayaw.
  1240 | D        | Found a corrupted altar of Lugonu.
  1240 | D        | Found a shadowy altar of Dithmenos.
  1241 | D        | Found a glowing silver altar of Zin.
  1241 | D        | Found a bloodstained altar of Trog.
  1241 | D        | Found an ancient bone altar of Kikubaaqudgha.
  1283 | D        | Noticed a polar bear
  1284 | D        | Noticed a polar bear
  1306 | D        | Killed a polar bear
  1307 | D        | Reached skill level 15 in Polearms
  1312 | D        | Killed a polar bear
  1313 | D        | Reached skill level 14 in Dodging
  1359 | D        | Noticed a yaktaur
  1375 | D        | Killed a yaktaur
  1375 | D        | Received a gift from Trog
  1376 | D        | Reached XP level 9. HP: 77/77 MP: 0/9
  1470 | D        | Noticed a hornet
  1479 | D        | Noticed a polar bear
  1480 | D        | Killed a hornet
  1498 | D        | Killed a polar bear
  1684 | D        | Found a basalt altar of Yredelemnul.
  1684 | D        | Found a shimmering blue altar of Sif Muna.
  1684 | D        | Found a viscous altar of Jiyva.
  1685 | D        | Found a shimmering altar of Xom.
  1685 | D        | Found a sacrificial altar of Ru.
  1686 | D        | Found a glowing golden altar of the Shining One.
  1686 | D        | Found an ornate altar of the Wu Jian Council.
  1686 | D        | Found a stormy altar of Qazlal.
  1691 | D        | Found the +10 tower shield of Ignorance {rN+ Int-4}
  1694 | D        | Noticed a kraken
  1846 | D        | Reached skill level 15 in Dodging
  1849 | D        | Reached skill level 10 in Fighting
  1849 | D        | Reached skill level 1 in Shields
  1901 | D        | Found a hazy altar of Hepliaklqana.
  1901 | D        | Found a snail-covered altar of Cheibriados.
  1902 | D        | Found a roughly hewn altar of Beogh.
  1924 | D        | Killed Menkaure
  2040 | D        | Noticed a deep troll
  2040 | D        | Noticed a deep troll
  2047 | D        | Killed a deep troll
  2052 | D        | Killed a deep troll
  2053 | D        | Reached skill level 16 in Dodging
  2053 | D        | Reached XP level 10. HP: 86/86 MP: 1/10
  2123 | D        | Noticed an obsidian statue
  2125 | D        | Noticed a sixfirhy
  2128 | D        | Noticed a sixfirhy
  2135 | D        | Noticed a smoke demon
  2139 | D        | Noticed a rust devil
  2158 | D        | Killed an obsidian statue
  2158 | D        | Received a gift from Trog
  2159 | D        | Got a jewelled glaive {god gift}
  2226 | D        | Identified the +7 glaive of Tortfeasance {flame, Str-3
                  | Int+2 Dex+4 Stlth+} (Trog gifted it to you in the Dungeon)
  2228 | D        | Noticed a sixfirhy
  2234 | D        | Found Omnoatt's Book Shoppe.
  2235 | D        | Found Xumeukal's Jewellery Boutique.
  2250 | D        | Killed a sixfirhy
  2251 | D        | Reached skill level 17 in Dodging
  2260 | D        | Killed a sixfirhy
  2263 | D        | Killed a sixfirhy
  2561 | D        | Noticed Gastronok
  2567 | D        | Killed Gastronok
  2567 | D        | Reached ****** piety under Trog
  2568 | D        | Reached skill level 18 in Dodging
  2568 | D        | Reached XP level 11. HP: 95/95 MP: 2/11
  2719 | D        | Noticed a dire elephant
  2719 | D        | Noticed an orc sorcerer
  2719 | D        | Noticed an orc sorcerer
  2719 | D        | Noticed an orc sorcerer
  2726 | D        | Killed a dire elephant
  2734 | D        | Killed an orc sorcerer
  2734 | D        | Received a gift from Trog
  2735 | D        | Reached skill level 19 in Dodging
  2736 | D        | Killed an orc sorcerer
  2739 | D        | Killed an orc sorcerer
  2830 | D        | Got steaming fire dragon scales
  2841 | D        | Identified the +7 fire dragon scales of the Eternal Fruit
                  | {Harm *Corrode rPois rF++ rC- Regen+ Int-4} (You found it
                  | in the Dungeon)
  2845 | D        | Got a bound amber ring
  2882 | D        | Got a flickering bone ring
  2929 | D        | Identified the ring "Fyrchule" {+Inv rC- Will++ Int+6
                  | Dex+3} (You found it in the Dungeon)
  2931 | D        | Identified the ring "Bevi" {Fire rElec rN+ Int+2} (You
                  | found it in the Dungeon)
  2980 | D        | Identified 4 scrolls of acquirement
  2980 | D        | Acquired a manual of Armour
  2982 | D        | Acquired the ring "Taarchy" {rF+ Will+ EV+4 Str+2}
  2986 | D        | Acquired 655 gold pieces
  2988 | D        | Acquired the amulet "Biogaovo" {Spirit rF+ rN+ Int+3}
  3035 | D        | Identified the +10 hand crossbow "Nucwius" {penet, rC+
                  | Int+4 Stlth+}
  3297 | D        | Bought the ring "Afoh" {rF+ AC+4 Int+3 Stlth-} for 603 gold
                  | pieces
  3300 | D        | Noticed a great orb of eyes
  3481 | D        | Noticed a green draconian knight
  3719 | D        | Noticed the 27-headed Lernaean hydra
  4008 | D        | Killed a great orb of eyes
  4008 | D        | Received a gift from Trog
  4009 | D        | Reached skill level 10 in Armour
  4009 | D        | Reached skill level 20 in Dodging
  4012 | D        | Killed a shining eye
  4015 | D        | Killed a shining eye
  4018 | D        | Killed a shining eye
  4020 | D        | Killed an oklob plant
  4078 | D        | Killed a green draconian knight
  4079 | D        | Reached skill level 21 in Dodging
  4079 | D        | Reached XP level 12. HP: 107/107 MP: 12/12
  4112 | D        | Received a gift from Trog
  4347 | D        | Killed Roxanne
  4348 | D        | Reached skill level 22 in Dodging
  4621 | D        | Noticed a golden dragon
  4629 | D        | Killed a golden dragon
  4630 | D        | Reached skill level 15 in Fighting
  4716 | D        | Found Zoytoph's Weapon Boutique.
  4716 | D        | Found Oqeta's General Store.
  4716 | D        | Found Atomm's Book Emporium.
  4716 | D        | Found Luloyss's Antique Weapon Boutique.
  4716 | D        | Noticed a storm dragon
  4731 | D        | Killed a storm dragon
  4732 | D        | Reached skill level 23 in Dodging
  4773 | D        | Noticed a centaur warrior
  4773 | D        | Noticed Kirke
  4773 | D        | Noticed a golden dragon
  4790 | D        | Killed a centaur warrior
  4790 | D        | Received a gift from Trog
  4805 | D        | Killed Kirke
  4806 | D        | Reached skill level 24 in Dodging
  4806 | D        | Reached XP level 13. HP: 111/117 MP: 13/13
  4825 | D        | Killed a golden dragon
  4832 | D        | Received a gift from Trog
  4840 | D        | Noticed a yaktaur captain
  4846 | D        | Killed a yaktaur captain
  4847 | D        | Reached skill level 25 in Dodging
  5034 | D        | Noticed a cacodemon
  5046 | D        | Noticed a storm dragon
  5047 | D        | Killed a cacodemon
  5051 | D        | Noticed a deep elf high priest
  5053 | D        | Killed a storm dragon
  5063 | D        | Killed a deep elf high priest
  5063 | D        | Received a gift from Trog
  5064 | D        | Reached skill level 26 in Dodging
  5094 | D        | Noticed a frost giant
  5103 | D        | Killed a frost giant
  5287 | D        | Received a gift from Trog
  5395 | D        | Noticed a fire dragon
  5395 | D        | Noticed an ice dragon
  5404 | D        | Killed an ice dragon
  5411 | D        | Killed a fire dragon
  5448 | D        | Noticed a bone dragon
  5464 | D        | Killed a bone dragon
  5465 | D        | Reached skill level 27 in Dodging
  5524 | D        | Found Dankol's Jewellery Emporium.
  5524 | D        | Found Gueram's Weapon Shop.
  5525 | D        | Found Buquts's Magic Scroll Shop.
  5525 | D        | Found Gaxtelab's Assorted Antiques.
  5525 | D        | Found Inozoat's Gadget Boutique.
  5525 | D        | Found Aqicsau Dakk's Armour Emporium.
  5525 | D        | Found Lun Rog's Book Shop.
  5525 | D        | Found Yruh's Jewellery Shoppe.
  5525 | D        | Found Ydabuiziem's Magic Scroll Boutique.
  5525 | D        | Found Pemeehis's Gadget Emporium.
  5525 | D        | Found Gaeq's Weapon Shop.
  5525 | D        | Found Kougoz's Armour Shoppe.
  5528 | D        | Bought a scroll of identify for 24 gold pieces
  5528 | D        | Bought a scroll of identify for 24 gold pieces
  5529 | D        | Bought a potion of heal wounds for 95 gold pieces
  5536 | D        | Bought a scroll of magic mapping for 38 gold pieces
  5536 | D        | Bought a scroll of enchant armour for 82 gold pieces
  5536 | D        | Bought 3 scrolls of enchant armour for 247 gold pieces
  5610 | D        | Bought a +0 pair of boots for 63 gold pieces
  5676 | D        | Reached skill level 15 in Armour
  5781 | D        | Noticed a crystal guardian
  5794 | D        | Received a gift from Trog
  5795 | D        | Reached XP level 14. HP: 124/131 MP: 12/14
  6784 | D        | Received a gift from Trog
  6795 | D        | Noticed an electric golem
  6822 | D        | Killed an electric golem
  7024 | D        | Received a gift from Trog
  7122 | D        | Noticed a deep elf master archer
  7133 | D        | Killed a deep elf master archer
  7376 | D        | Found the +9 staff of Wucad Mu {channel}
  7400 | D        | Received a gift from Trog
  7622 | D        | Acquired 938 gold pieces
  7624 | D        | Acquired the amulet of Laiser {Spirit +Fly rElec Str+8
                  | Dex-5}
  7626 | D        | Acquired a scarf of resistance
  7993 | D        | Noticed a curse toe
  7993 | D        | Noticed Gloorx Vloq
  7993 | D        | Noticed a royal mummy
  7993 | D        | Noticed a vampire knight
  7996 | D        | Noticed an Executioner
  7996 | D        | Noticed an Executioner
  7996 | D        | Noticed an Executioner
  7996 | D        | Noticed an Executioner
  8000 | D        | Killed a vampire knight
  8000 | D        | Received a gift from Trog
  8005 | D        | Noticed an Executioner
  8005 | D        | Noticed an Executioner
  8006 | D        | HP: 4/204 [deathcap/drain life[a curse toe] (17)]
  8007 | D        | HP: 1/136 [poison (dark miasma)]
  8007 | D        | Mangled by an Executioner

Illustrated notes

Levels and vault maps discovered:
D:        the_violet_keep_of_menkaure [sprint2_stairs_cluster_1,
          sprint2_shoproom, sprint2_temple, sprint2_basic_supplies,
          sprint2_obstacle_7, sprint2_obstacle_3, sprint2_obstacle_6,
          sprint2_obstacle_2, sprint2_obstacle_5, sprint2_timed_cluster_1,
          sprint2_smallroom_cluster_1, sprint2_smallroom_final_cluster_1,
          sprint2_transparent_cluster_1, sprint2_second_timed_cluster_1,
          sprint2_sniper_area_1, sprint2_heavy_combat_area_1,
          sprint2_mutation_trap_area_1, sprint2_forest_area_1,
          sprint2_light_combat_area_1, sprint2_behind_water_1,
          sprint2_near_end_vault_1]

Skill      XL: |  1  2  3  4  5  6  7  8  9 10 11 12 13 14 |
---------------+-------------------------------------------+-----
Polearms       | 5 8 10 12 13 15 17 19 20 | 20.0
Dodging        | 3 7 8 9 11 12 14 16 18 21 24 27 | 27.0
Fighting       | 5 6 7 8 9 10 12 14 16 18 20 | 20.8
Armour         | 2 3 4 5 6 7 8 11 13 15 16 | 16.8
Shields        | 3 4 |  4.2

Action                   |  1- 3 |  4- 6 |  7- 9 | 10-12 | 13-15 || total
-------------------------+-------+-------+-------+-------+-------++-------
Melee: Spear             |    20 |    22 |   112 |    28 |       ||   182
       Tailslap          |       |       |     5 |    11 |       ||    16
       Glaive            |       |       |       |   143 |   262 ||   405
Invok: Berserk           |     2 |     1 |     9 |     9 |     8 ||    29
       Trog's Hand       |       |       |       |     4 |     6 ||    10
  Use: Potion            |       |       |       |     1 |       ||     1
       Scroll            |       |       |       |    14 |     7 ||    21
 Stab: Sleeping          |       |       |     1 |     1 |       ||     2
       Distracted        |       |       |       |       |     1 ||     1
Armor: Leather armour    |       |       |     1 |     5 |       ||     6
       Plate armour      |       |       |       |    31 |    81 ||   112
Dodge: Dodged            |     3 |     7 |    56 |    98 |   233 ||   397
Block: Buckler           |       |       |       |     5 |       ||     5
       Other             |       |       |       |     1 |       ||     1
       Reflection        |       |       |       |     1 |       ||     1

Table legend: (Time is in decaauts)
 A = Elapsed time spent in this place.
 B = Non-inter-level travel time spent in this place.
 C = Inter-level travel time spent in this place.
 D = Time resting spent in this place.
 E = Time spent auto-exploring this place.
 F = Levels seen in this place.
 G = Mean time per level.
                   A        B        C        D        E       F      G
               +--------+--------+--------+--------+--------+-----+--------+
         Total |   7973 |   7938 |     35 |   6136 |    113 |   1 | 7973.0 |
       Dungeon |   7973 |   7938 |     35 |   6136 |    113 |   1 | 7973.0 |
               +--------+--------+--------+--------+--------+-----+--------+

Top non-repeatable levels by time:
       D: 7973 daAuts
